 Dungeon Crawl Stone Soup version 0.30-a0-385-gfebfb9b408 (webtiles) character file.

Game seed: 15975723002375036433

347 ragingrage the Shooter (level 6, -3/30 HPs)
             Began as a Spriggan Hunter on Dec 2, 2022.
             Slain by an orc warrior
             ... wielding a +0 trident
              (7 damage)
             ... on level 4 of the Dungeon.
             The game lasted 00:02:53 (2871 turns).

ragingrage the Shooter (Spriggan Hunter)            Turns: 2871, Time: 00:02:54

Health: -3/30      AC:  2    Str:  7    XL:     6   Next: 33%
Magic:  7/7        EV: 18    Int: 10    God:
Gold:   207        SH:  0    Dex: 21    Spells: 5/5 levels left

rFire   . . .      SeeInvis +    a - +0 shortbow
rCold   . . .      Faith    .    (shield currently unavailable)
rNeg    + . .      Spirit   .    c - +0 robe
rPois   .          Reflect  .    (helmet restricted)
rElec   .          Harm     .    (no cloak)
rCorr   .          Rampage  .    (gloves unavailable)
Will    +....                    (boots unavailable)
Stlth   ++........               (no amulet)
HPRegen 0.25/turn                o - ring of positive energy
MPRegen 0.10/turn                (no ring)

@: very quick
A: very small, no large weapons, unfitting armour, see invisible, speed 3
a: no special abilities


You were on level 4 of the Dungeon.
You visited 1 branch of the dungeon, and saw 4 of its levels.

You collected 207 gold pieces.

Inventory:

Hand Weapons
 a - a +0 shortbow (weapon)
Armour
 c - a +0 robe (worn)
Jewellery
 o - a ring of positive energy (left hand)
Wands
 s - a wand of flame (3)
Scrolls
 b - a scroll of immolation
 d - 2 scrolls of silence {unknown}
 e - 2 scrolls of blinking {unknown}
 h - 2 scrolls of fog {unknown}
 l - a scroll of poison {unknown}
 m - a scroll of enchant weapon {unknown}
 p - a scroll of amnesia {unknown}
 q - 2 scrolls of identify {unknown}
 r - a scroll of vulnerability {unknown}
Potions
 f - a potion of flight {unknown}
 g - a potion of attraction {unknown}
 i - 2 potions of berserk rage {unknown}
 j - 2 potions of curing {unknown}
 k - 2 potions of lignification {unknown}
 n - a potion of brilliance {unknown}


   Skills:
 - Level 1.5 Fighting
 + Level 7.7 Ranged Weapons
 - Level 2.6 Dodging
 - Level 1.5 Stealth


You had 5 spell levels left.
You didn't know any spells.
Your spell library contained the following spells:

 Spells                   Type           Power      Damage    Failure   Level
 Ignite Poison            Fire/Tmut/Pois 0%         N/A       75%         3
 Ozocubu's Armour         Ice            0%         N/A       75%         3
 Animate Dead             Necr           0%         N/A       98%         4
 Sticky Flame             Conj/Fire      0%         2d3       98%         4
 Borgnjor's Vile Clutch   Necr/Erth      0%         N/A       100%        5
 Metabolic Englaciation   Hex/Ice        0%         N/A       100%        5
 Death Channel            Necr           0%         N/A       100%        6
 Simulacrum               Ice/Necr       0%         N/A       100%        6
 Ignition                 Fire           0%         3d3       100%        8


Dungeon Overview and Level Annotations

Branches:
Dungeon (4/15)
 Temple: D:4-7

Altars:
Okawaru
Trog


Innate Abilities, Weirdness & Mutations

You are very small and have problems with some larger weapons.
You are too small for most types of armour.
You have supernaturally acute eyesight. (SInv)
You cover ground extremely quickly. (Speed+++)


Message History

Fire: a) +0 shortbow
Press: ? - help, Q - select action, (/) - cycle Shift-Dir - straight line, f/p - orc warrior
Aim: an orc warrior, wielding a +0 trident and wearing a +1 chain mail of fire resistance (severely wounded, 62% to hit)
You shoot an arrow. The arrow hits the orc warrior.
The orc warrior is almost dead.
The orc warrior barely misses you.
Fire: a) +0 shortbow
Press: ? - help, Q - select action, (/) - cycle Shift-Dir - straight line, f/p - orc warrior
Aim: an orc warrior, wielding a +0 trident and wearing a +1 chain mail of fire resistance (almost dead, 62% to hit)
You shoot an arrow. The arrow hits the orc warrior.
The orc warrior is almost dead.
The orc warrior hits you from afar with a +0 trident!
The orc warrior closely misses you.
You see here a +0 robe.
Fire: a) +0 shortbow
Press: ? - help, Q - select action, (/) - cycle Shift-Dir - straight line, f/p - orc warrior
Aim: an orc warrior, wielding a +0 trident and wearing a +1 chain mail of fire resistance (almost dead, 62% to hit)
You shoot an arrow.
The arrow hits the orc warrior but does no damage.
The orc warrior is almost dead.
Fire: a) +0 shortbow
Press: ? - help, Q - select action, (/) - cycle Shift-Dir - straight line, f/p - orc warrior
Aim: an orc warrior, wielding a +0 trident and wearing a +1 chain mail of fire resistance (almost dead, 62% to hit)
You shoot an arrow.
The arrow completely misses the orc warrior.
Fire: a) +0 shortbow
Press: ? - help, Q - select action, (/) - cycle Shift-Dir - straight line, f/p - orc warrior
Aim: an orc warrior, wielding a +0 trident and wearing a +1 chain mail of fire resistance (almost dead, 62% to hit)
You shoot an arrow.
The arrow hits the orc warrior but does no damage.
The orc warrior is almost dead.
The orc warrior hits you from afar with a +0 trident!
* * * LOW HITPOINT WARNING * * *
Fire: a) +0 shortbow
Press: ? - help, Q - select action, (/) - cycle Shift-Dir - straight line, f/p - orc warrior
Aim: an orc warrior, wielding a +0 trident and wearing a +1 chain mail of fire resistance (almost dead, 62% to hit)
You shoot an arrow.
The arrow closely misses the orc warrior.
The orc warrior hits you from afar with a +0 trident!
You die...

#..............#...
#..............#...
#..............#...
#..............'...
#......####+####...
#......###....##...
#...o....#.....#...
#........'.....#.[.
#.@......#)....#...
#.<.....##.....#...
##########.....#...
#........'.....#...
#.......##....####'
#.......##....#....
#.............#....
#.......##....†....
#.......##....#....


You could see an orc warrior.

Vanquished Creatures
  A necrophage (D:4)
  2 jellies (D:2)
  An iguana (D:3)
  Jessica (D:3)
  3 gnolls (D:2)
  3 adders
  A shadow imp (D:4)
  A worm (D:2)
  4 dart slugs
  3 orcs (D:4)
  2 ball pythons
  17 endoplasms
  5 giant cockroaches
  9 goblins
  3 hobgoblins (D:1)
  9 jackals
  11 kobolds
  2 quokkas (D:1)
  6 bats
  2 frilled lizards
  4 rats
90 creatures vanquished.

Vanquished Creatures (others)
  9 fungi (D:2)
  5 toadstools (D:2)
14 creatures vanquished.

Grand Total: 104 creatures vanquished

Notes
Turn   | Place    | Note
-------+----------+-------------------------------------------
     0 | D:1      | ragingrage the Spriggan Hunter began the quest for the Orb.
     0 | D:1      | Reached XP level 1. HP: 10/10 MP: 2/2
   164 | D:1      | Reached XP level 2. HP: 14/14 MP: 3/3
   328 | D:1      | Reached skill level 5 in Ranged Weapons
   370 | D:1      | Reached XP level 3. HP: 18/18 MP: 4/4
   780 | D:2      | Reached XP level 4. HP: 22/22 MP: 5/5
   825 | D:2      | Reached skill level 6 in Ranged Weapons
  1117 | D:2      | Reached XP level 5. HP: 25/25 MP: 6/6
  1420 | D:3      | Found an iron altar of Okawaru.
  1561 | D:3      | Found a bloodstained altar of Trog.
  1703 | D:3      | Noticed Jessica
  1704 | D:3      | Killed Jessica
  1705 | D:3      | Reached skill level 7 in Ranged Weapons
  2329 | D:4      | Noticed an orc warrior
  2459 | D:3      | Reached XP level 6. HP: 27/30 MP: 7/7
  2871 | D:4      | Slain by an orc warrior

Illustrated notes

Levels and vault maps discovered:
D:1:      minmay_arrival_shoal_huts, layout_loops_cross,
          minmay_misc_feat_hallway, bh_walls_and_bars
D:2:      cheibrodos_fertilizer, layout_rooms, dreamdust_wishing_well
D:3:      minmay_evil_eye, layout_basic,
          hellmonk_okawaru_the_only_friend_you_need, mainiacjoe_overflow_paths,
          minmay_misc_feat_columns, serial_bayou_pond_e, uniq_jessica
D:4:      layout_gridville, minitemple, gammafunk_temple_overflow_statue

Skill      XL: |  1  2  3  4  5 |
---------------+----------------+-----
Ranged Weapons | 5 6 7 |  7.7
Fighting       | |  1.5
Dodging        | |  2.6
Stealth        | |  1.5

Action                   |  1- 3 |  4- 6 || total
-------------------------+-------+-------++-------
 Fire: Shortbow          |    97 |   162 ||   259
Armor: Robe              |     2 |     2 ||     4
Dodge: Dodged            |    38 |    24 ||    62

Table legend: (Time is in decaauts)
 A = Elapsed time spent in this place.
 B = Non-inter-level travel time spent in this place.
 C = Inter-level travel time spent in this place.
 D = Time resting spent in this place.
 E = Time spent auto-exploring this place.
 F = Levels seen in this place.
 G = Mean time per level.
                   A        B        C        D        E       F      G
               +--------+--------+--------+--------+--------+-----+--------+
         Total |   1953 |   1874 |     79 |     79 |   1253 |   4 |  488.2 |
       Dungeon |   1953 |   1874 |     79 |     79 |   1253 |   4 |  488.2 |
               +--------+--------+--------+--------+--------+-----+--------+

Top non-repeatable levels by time:
     D:3: 754 daAuts
     D:1: 449 daAuts
     D:2: 399 daAuts
     D:4: 350 daAuts
